 Dungeon Crawl Stone Soup version 0.24.0-41-g2ae2f7f1be (webtiles) character file.

Game seed: 15466980498253855590, levelgen mode: deterministic

372 Gwanngwann the Slasher (level 6, 0/56 HPs)
             Began as a Minotaur Fighter on Dec 13, 2019.
             Killed from afar by an orc wizard (6 damage)
             ... with a puff of frost
             ... on level 4 of the Dungeon.
             The game lasted 00:22:35 (2981 turns).

Gwanngwann the Slasher (Minotaur Fighter)           Turns: 2981, Time: 00:22:36

Health: 0/56       AC: 14    Str: 21    XL:     6   Next: 43%
Magic:  5/5        EV:  4    Int:  5    God:
Gold:   171        SH: 10    Dex: 11    Spells: 5/5 levels left

rFire    . . .     SeeInvis .   a - +0 long sword
rCold    . . .     Gourm    .   c - +0 shield
rNeg     . . .     Faith    .   r - +0 plate armour
rPois    .         Spirit   .   (helmet restricted)
rElec    .         Reflect  .   (no cloak)
rCorr    .         Harm     .   t - +0 pair of gloves
MR       .....                  y - +0 pair of boots
Stlth    ..........             (no amulet)
HPRegen  0.18/turn              (no ring)
MPRegen  0.09/turn              (no ring)

@: no status effects
A: retaliatory headbutt, horns 2
a: no special abilities


You were on level 4 of the Dungeon.
You were not hungry.

You visited 1 branch of the dungeon, and saw 4 of its levels.

You collected 171 gold pieces.

Inventory:

Hand Weapons
 a - a +0 long sword (weapon)
 h - a +0 short sword
 j - a +0 mace of holy wrath
 o - a +1 dagger of flaming
 s - a +0 whip
 G - a +0 short sword
Missiles
 k - 5 atropa-tipped darts
 l - 38 bolts
 n - 38 poisoned darts (quivered)
 q - 3 javelins
Armour
 b - a +0 scale mail
 c - a +0 shield (worn)
 e - a +0 ring mail
 g - a +0 leather armour
 i - a +0 leather armour
 r - a +0 plate armour (worn)
 t - a +0 pair of gloves (worn)
 y - a +0 pair of boots (worn)
 B - a +0 robe
 E - a cursed +0 robe
 F - a +2 ring mail of magic resistance
Jewellery
 u - a +2 ring of intelligence {unknown}
 A - an uncursed ring of wizardry {unknown}
Scrolls
 f - a scroll of teleportation {unknown}
 p - 6 scrolls of identify {unknown}
 v - a scroll of amnesia {unknown}
 x - 3 scrolls of enchant armour {unknown}
 C - a scroll of random uselessness {unknown}
 H - 2 scrolls of fear {unknown}
Potions
 d - a potion of might
 m - 3 potions of lignification {unknown}
 w - a potion of haste {unknown}
 D - a potion of flight {unknown}
Comestibles
 z - 2 rations


   Skills:
 + Level 5.2 Fighting
 + Level 5.5 Long Blades
 + Level 4.6 Armour
 + Level 0.1 Dodging
 + Level 5.3 Shields


You had 5 spell levels left.
You didn't know any spells.
Your spell library was empty.

Dungeon Overview and Level Annotations

Branches:
Dungeon (4/15)
 Temple: D:4-7

Altars:
Trog
Vehumet
Xom
Yredelemnul


Innate Abilities, Weirdness & Mutations

You reflexively headbutt those who attack you in melee.
You have a pair of horns on your head.


Message History

a cursed -3 dagger; a +0 robe The orc wizard miscasts a cantrip.
The shadow imp gestures at you. Pain shoots through your body!
* * * LOW HITPOINT WARNING * * *
An orc comes into view. It is wielding a +0 dagger.
The orc wizard looks satisfied for a moment.
You see here a ration.
The orc wizard shouts!
The orc wizard looks satisfied for a moment.
The shadow imp hits you but does no damage.
You closely miss the orc wizard. Your headbutt misses the orc wizard.
The orc wizard hits you but does no damage.
You block the shadow imp's attack. You block the orc wizard's attack.
Your shield and plate armour prevent you from hitting the orc wizard.
You headbutt the orc wizard.
The orc wizard is heavily wounded.
The orc wizard casts a spell at you. The puff of frost hits you.
You die...

###..#..##.....#...
#....##............
#.... #.<..†.......
#...####...†.......
#...)..............
##...>.............
##..................
##................#..
#...@....#........#..
#..5o................
##.o[...##.....#####
#..))#...#.....#
#...o###.###....
#...o.. ...
##......#### .......#
.o.......#


You could see 2 orc wizards, a shadow imp and 2 orcs.

Vanquished Creatures
  An ogre (D:3)
  An orc priest (D:4)
  A bullfrog skeleton (D:4)
  3 orc wizards
  A worker ant (D:4)
  4 adders
  2 worms
  2 dart slugs (D:2)
  2 leopard geckos
  4 orcs
  4 ball pythons
  6 bats
  5 giant cockroaches
  8 goblins
  10 hobgoblins
  4 jackals (D:1)
  A quokka (D:2)
  2 frilled lizards
  A jackal skeleton (D:4)
  8 kobolds
  10 rats
80 creatures vanquished.

Notes
Turn   | Place    | Note
-------+----------+-------------------------------------------
     0 | D:1      | Gwanngwann the Minotaur Fighter began the quest for the
                  | Orb.
     0 | D:1      | Reached XP level 1. HP: 19/19 MP: 0/0
   113 | D:1      | Reached XP level 2. HP: 25/27 MP: 1/1
   669 | D:1      | Reached XP level 3. HP: 33/33 MP: 2/2
   930 | D:2      | Found a faded altar of an unknown god.
   959 | D:2      | Reached XP level 4. HP: 41/41 MP: 3/3
  1976 | D:3      | Noticed an ogre
  1990 | D:3      | Killed an ogre
  1990 | D:3      | Reached XP level 5. HP: 16/47 MP: 4/4
  2050 | D:3      | Reached skill level 5 in Fighting
  2051 | D:3      | Found a basalt altar of Yredelemnul.
  2052 | D:3      | Found a shimmering altar of Xom.
  2053 | D:3      | Found a radiant altar of Vehumet.
  2072 | D:3      | Found a bloodstained altar of Trog.
  2913 | D:4      | Reached skill level 5 in Shields
  2922 | D:4      | Reached XP level 6. HP: 52/56 MP: 5/5
  2956 | D:4      | Reached skill level 5 in Long Blades
  2981 | D:4      | Killed from afar by an orc wizard

Levels and vault maps discovered:
D:1:      dpeg_arrival_three_smaller_balls, layout_loops_ring
D:2:      layout_basic, chequers_ecumenical_altar_grove, minmay_tiny_reverse_x
D:3:      layout_loops_corners, minitemple, first_ration
D:4:      layout_cave_pools, kennysheep_mini_moat, led_sif_pool,
          minmay_temple_entry_statues_fountains, bloody_trog, uniq_ijyb

Skill      XL: |  1  2  3  4  5  6 |
---------------+-------------------+-----
Armour         | 4 |  4.6
Shields        | 4 5 |  5.3
Fighting       | 4 5 |  5.2
Long Blades    | 3 4 5 |  5.5
Dodging        | |  0.1

Action                   |  1- 3 |  4- 6 || total
-------------------------+-------+-------++-------
Melee: Long sword        |    91 |   137 ||   228
       Headbutt          |    12 |    26 ||    38
  Eat: Ration            |       |     2 ||     2
       Chunk             |       |     1 ||     1
Armor: Scale mail        |     6 |       ||     6
       Plate armour      |    44 |    83 ||   127
Dodge: Dodged            |    12 |    29 ||    41
Block: Shield            |    54 |    79 ||   133
       Rpst.: Long sword |     6 |     9 ||    15
